 Dungeon Crawl Stone Soup version 0.29.1-15-g9cfb28693d (webtiles) character file.

Game seed: 2216261681968001870

9 protoss039 the Digger (level 2, 16/20 HPs)
             Began as a Demonspawn Earth Elementalist on Mar 25, 2023.
             Got out of the dungeon alive.
             The game lasted 00:00:29 (415 turns).

protoss039 the Digger (DsEE)                         Turns: 415, Time: 00:00:30

Health: 16/20      AC:  3    Str:  8    XL:     2   Next: 3%
Magic:  5/5        EV: 12    Int: 16    God:
Gold:   53         SH:  0    Dex: 15    Spells: 4/5 levels left

rFire   . . .      SeeInvis .   f - +0 spear (vorpal)
rCold   . . .      Faith    .   (no shield)
rNeg    . . .      Spirit   .   a - +0 robe
rPois   .          Reflect  .   (no helmet)
rElec   .          Harm     .   k - +0 cloak
rCorr   .          Rampage  .   (no gloves)
Will    .....                   (no boots)
Stlth   +++.......              (no amulet)
HPRegen 0.06/turn               (no ring)
MPRegen 0.09/turn               (no ring)

@: no status effects
A: thin skeletal structure 1
a: no special abilities


You escaped.
You visited 1 branch of the dungeon, and saw 1 of its levels.

You collected 53 gold pieces.

Inventory:

Hand Weapons
 f - a +0 vorpal spear (weapon)
Armour
 a - a +0 robe (worn)
 k - a +0 cloak (worn)
Scrolls
 e - a scroll of identify {unknown}
 h - a scroll of fear {unknown}
 i - a scroll of teleportation {unknown}
 j - a scroll of magic mapping {unknown}
Potions
 b - 2 potions of magic
 c - a potion of haste {unknown}
 d - a potion of brilliance {unknown}
 g - a potion of curing {unknown}


   Skills:
 + Level 0.8 Fighting
 - Level 1.7 Dodging
 - Level 1.7 Stealth
 + Level 2.2 Spellcasting
 - Level 0.8 Transmutations
 + Level 2.8 Earth Magic


You had 4 spell levels left.
You knew the following spells:

 Your Spells              Type           Power      Damage    Failure   Level
a - Sandblast             Erth           22%        2d7       6%          1

Your spell library contained the following spells:

 Spells                   Type           Power      Damage    Failure   Level
 Passwall                 Tmut/Erth      5%         N/A       14%         2
 Stone Arrow              Conj/Erth      12%        3d7       32%         3
 Petrify                  Tmut/Erth      7%         N/A       67%         4


Dungeon Overview and Level Annotations

Branches:
Dungeon (1/15) Zot: 5582

Altars:


Innate Abilities, Weirdness & Mutations

You have a somewhat thin skeletal structure. (Dex +2, Stealth+)


Message History

The giant cockroach is severely wounded.
The giant cockroach bites you. The giant cockroach closely misses you.
You hit the giant cockroach.
You kill the giant cockroach!
The dart slug launches a dart at you. The slug dart misses you.
Unknown command.
You hit the dart slug.
The dart slug is lightly wounded.
The dart slug misses you.
You hit the dart slug.
The dart slug is heavily wounded.
Unknown command.
You hit the dart slug but do no damage.
The dart slug is heavily wounded.
The dart slug launches a dart at you. The slug dart hits you.
Unknown command.
You hit the dart slug.
The dart slug is severely wounded.
The dart slug closely misses you.
Unknown command.
You hit the dart slug.
You kill the dart slug!
You have reached level 2!
Your demonic ancestry asserts itself...
Your bones become slightly less dense.
No target in view!
Unknown command.
There is an open door here.
As you open the door, it creaks loudly!
You can't go up here!
Unknown command.
(D) Dungeon
Where to? (Enter - D:1 @ (x,y), ? - help)
There is an open door here.
There is an open door here.
There is a staircase leading out of the dungeon here.
Are you sure you want to leave the Dungeon?
This will make you lose the game!
You have escaped!

#.............# #.# #
#.###########.# #.# #
#..#....(..#..# #.## ##
#.#.#######.#.####.#. .
#.##.......##.#....#. #
#.#.###'###.#.#.####. ##
#.#.#.....#.#.#...##. #.
#.#.#.....#.#.###.##.##.
+.#.+..@..+.#.'.'.##....
#.#.#.....#.#.###.####..
#.#.(...#.#.# #..# #..
#.###+###.#.# ##.# ##.
##.......##.# #.# #.
#.#######.#.# #.# #.
..#.......#..# #.####.
#.###########.# #.....>
#.............# #######


There were no monsters in sight!

Vanquished Creatures
  A dart slug (D:1)
  A bat (D:1)
  A giant cockroach (D:1)
  2 hobgoblins (D:1)
  A rat (D:1)
6 creatures vanquished.

Notes
Turn   | Place    | Note
-------+----------+-------------------------------------------
     0 | D:1      | protoss039 the Demonspawn Earth Elementalist began the
                  | quest for the Orb.
     0 | D:1      | Reached XP level 1. HP: 13/13 MP: 3/3
   353 | D:1      | Gained mutation: You have a somewhat thin skeletal
                  | structure. (Dex +2, Stealth+) [demonic ancestry]
   353 | D:1      | Reached XP level 2. HP: 13/20 MP: 5/5
   415 | D:$      | Got out of the dungeon alive.

Illustrated notes

Levels and vault maps discovered:
D:1:      matt_arrival_los_fun, layout_basic, serial_corexii_hall,
          corexii_hall_statues_i, corexii_hall_statues_t

Action                   || total
-------------------------++-------
Melee: Spear             ||    20
 Cast: Sandblast         ||     2
Dodge: Dodged            ||    15
